 Dungeon Crawl Stone Soup version 0.20.0-15-g7f486f2 (webtiles) character file.

1479 anfisbena the Carver (level 8, -1/39 HPs)
             Began as a Vine Stalker Fighter on June 15, 2017.
             Was a High Priest of Uskayaw.
             Slain by an orc warrior
             ... wielding a +0 mace of draining
              (3 damage)
             ... on level 6 of the Dungeon.
             The game lasted 00:07:11 (4556 turns).

anfisbena the Carver (Vine Stalker Fighter)         Turns: 4556, Time: 00:07:12

Health: -1/39      AC: 10    Str: 18    XL:     8   Next: 79%
Magic:  0/9        EV:  2    Int:  8    God:    Uskayaw [*****.]
Gold:   330        SH:  8    Dex: 17    Spells: 7/7 levels left

rFire    x . .     SeeInvis .   G - +0 scimitar
rCold    + . .     Gourm    .   c - +0 shield
rNeg     . . .     Faith    +   m - +0 plate armour
rPois    .         Spirit   +   (no helmet)
rElec    .         Reflect  .   (no cloak)
rCorr    .         Harm     .   (no gloves)
MR       +....                  (no boots)
Stlth    ..........             n - amulet of faith
Regen    0.6/turn               h - ring of ice
MPRegen  0.2/turn               (no ring)

@: heavily drained
A: fangs 3, regeneration 1, magic shield, antimagic bite, no potion heal 3, rot
immunity
a: Stomp, Line Pass, Grand Finale, Renounce Religion


You were on level 6 of the Dungeon.
You worshipped Uskayaw.
Uskayaw was noncommittal.
You were hungry.

You visited 1 branch of the dungeon, and saw 6 of its levels.

You collected 330 gold pieces.

Inventory:

Hand Weapons
 G - a +0 scimitar (weapon)
Armour
 c - a +0 shield (worn)
 m - a +0 plate armour (worn)
Jewellery
 h - a ring of ice (left hand)
 n - an amulet of faith (around neck)
Scrolls
 l - 2 scrolls of amnesia
 t - a scroll of blinking
 u - a scroll of enchant armour {unknown}
 x - 2 scrolls of teleportation
 y - a scroll of enchant weapon {unknown}
 F - a scroll of fear {unknown}
Potions
 b - a potion of invisibility {unknown}
 d - 3 potions of might
 e - 2 potions of mutation
 g - a potion of agility {unknown}
 k - a potion of flight {unknown}
 q - a potion of heal wounds {unknown}
 s - a potion of cancellation {unknown}
 w - a potion of haste {unknown}
 A - 2 potions of curing
 C - a potion of ambrosia {unknown}
 D - a potion of lignification {unknown}
Books
 r - a book of Changes

   Spells                             Type                      Level
   a - Beastly Appendage              Transmutation                1
   b - Sticks to Snakes               Transmutation                2
   c - Spider Form                    Transmutation/Poison         3
   d - Ice Form                       Ice/Transmutation            4
   e - Blade Hands                    Transmutation                5
Comestibles
 a - 4 chunks of flesh
 f - 2 bread rations
 j - 2 royal jellies
 o - a meat ration
 E - 3 fruits


   Skills:
 - Level 2.6(1.3) Fighting
 + Level 9.9(8.2) Long Blades
 - Level 2.4(1.0) Armour
 - Level 2.6(1.3) Shields


You had 7 spell levels left.
You didn't know any spells.

Dungeon Overview and Level Annotations

Branches:
Dungeon (6/15)             Temple (0/1) D:6

Altars:
Makhleb
Qazlal
Ru
Sif Muna
Uskayaw


Innate Abilities, Weirdness & Mutations

You have razor-sharp teeth.
Your natural rate of healing is unusually fast.
When hurt, damage is shared between your health and your magic reserves.
Your bite disrupts and absorbs the magic of your enemies.
Potions cannot restore your health.
You are immune to rotting.


Message History

You hit the orc warrior.
The orc warrior is almost dead.
The orc warrior hits you with a mace of draining.
* * * LOW HITPOINT WARNING * * *
You feel drained.
You closely miss the orc warrior.
The orc warrior is almost dead.
The orc warrior hits you with a mace of draining.
* * * LOW HITPOINT WARNING * * *
You feel drained.
* * * LOW HITPOINT WARNING * * *
You closely miss the orc warrior.
You bite the orc warrior, but do no damage.
The orc warrior is almost dead.
You barely miss the orc warrior. Your bite misses the orc warrior.
The orc warrior is almost dead.
The orc warrior hits you with a mace of draining!
* * * LOW HITPOINT WARNING * * *
You feel drained.
You die...

##### ..... ##### #
######## ...
.......############.....
######..........@o......
.......#.##########.....
###.......# ...
#.#####.# # #.# #.# ..#
#.# .#.# #.# #.#.# #.# #
#.. .>#


You could see an orc warrior.

Vanquished Creatures
  The ghost of blackwizard the Digger, an amateur TrEE (D:6)
  Edmund (D:4)
  Duvessa (D:5)
  An ice beast (D:4)
  An ogre (D:6)
  Dowan (D:5)
  2 scorpions
  2 wights (D:6)
  A bullfrog zombie (D:5)
  2 quasits
  4 hounds
  A jelly (D:6)
  A bullfrog skeleton (D:5)
  A gnoll shaman (D:6)
  3 orc priests
  2 orc wizards (D:5)
  A centaur skeleton (D:4)
  An iguana (D:6)
  2 worker ants (D:5)
  3 gnolls (D:6)
  4 adders
  An ooze (D:5)
  2 dart slugs
  2 leopard geckos
  7 orcs
  9 giant cockroaches
  11 goblins
  11 hobgoblins
  8 jackals
  2 ball pythons (D:3)
  6 bats
  5 frilled lizards
  6 kobolds
  A leopard gecko zombie (D:5)
  4 rats
111 creatures vanquished.

Notes
Turn   | Place    | Note
-------+----------+-------------------------------------------
     0 | D:1      | anfisbena the Vine Stalker Fighter began the quest for the Orb.
     0 | D:1      | Reached XP level 1. HP: 11/11 MP: 2/2
    54 | D:1      | Reached skill level 2 in Long Blades
   104 | D:1      | Reached XP level 2. HP: 16/16 MP: 3/3
   594 | D:1      | Reached skill level 3 in Long Blades
   600 | D:1      | Reached XP level 3. HP: 18/19 MP: 4/4
  1315 | D:2      | Found a sacrificial altar of Ru.
  1819 | D:3      | Gained mutation: Your natural rate of healing is unusually fast. [Vine Stalker growth]
  1819 | D:3      | Reached XP level 4. HP: 7/23 MP: 3/5
  2008 | D:3      | Reached skill level 4 in Long Blades
  2080 | D:3      | Noticed a fire elemental
  2082 | D:3      | Found a stormy altar of Qazlal.
  2093 | D:3      | Noticed an air elemental
  2094 | D:3      | Noticed an earth elemental
  2094 | D:3      | Noticed a water elemental
  2593 | D:4      | Reached XP level 5. HP: 21/27 MP: 4/6
  2632 | D:4      | Noticed an ice beast
  2655 | D:4      | Killed an ice beast
  2655 | D:4      | Reached skill level 5 in Long Blades
  2663 | D:4      | Reached XP level 6. HP: 4/32 MP: 3/7
  2933 | D:4      | Found a burning altar of Makhleb.
  2982 | D:4      | Reached skill level 6 in Long Blades
  3354 | D:4      | Noticed Edmund
  3373 | D:4      | Killed Edmund
  3373 | D:4      | Reached XP level 7. HP: 27/35 MP: 5/8
  3410 | D:5      | Entered Level 5 of the Dungeon
  3416 | D:5      | Noticed Dowan
  3417 | D:5      | Noticed Duvessa
  3436 | D:5      | Reached skill level 7 in Long Blades
  3450 | D:5      | Killed Duvessa
  3517 | D:5      | Killed Dowan
  3585 | D:5      | Found a hide-covered altar of Uskayaw.
  3614 | D:5      | Became a worshipper of Uskayaw the Reveler
  3746 | D:5      | Found a deep blue altar of Sif Muna.
  3846 | D:5      | Reached * piety under Uskayaw
  3851 | D:5      | Reached ** piety under Uskayaw
  3876 | D:5      | Reached skill level 8 in Long Blades
  3881 | D:5      | Reached *** piety under Uskayaw
  3890 | D:5      | Reached **** piety under Uskayaw
  3896 | D:5      | Gained mutation: You have razor-sharp teeth. [Vine Stalker growth]
  3896 | D:5      | Reached XP level 8. HP: 4/39 MP: 9/9
  3904 | D:5      | Reached ***** piety under Uskayaw
  4183 | D:6      | Noticed blackwizard's ghost (amateur TrEE)
  4197 | D:6      | Killed blackwizard's ghost
  4197 | D:6      | Reached skill level 9 in Long Blades
  4226 | D:6      | Found a staircase to the Ecumenical Temple.
  4556 | D:6      | Slain by an orc warrior

Skill      XL: |  1  2  3  4  5  6  7  8 |
---------------+-------------------------+-----
Long Blades    | 2 3 4 5 6 8 9 |  9.9
Fighting       | |  2.6
Armour         | |  2.4
Shields        | |  2.6

Action                   |  1- 3 |  4- 6 |  7- 9 || total
-------------------------+-------+-------+-------++-------
Melee: Long sword        |   118 |   147 |   170 ||   435
       Bite              |    27 |    37 |    63 ||   127
       Scimitar          |       |       |    27 ||    27
  Use: Scroll            |     6 |       |     6 ||    12
 Stab: Paralysed         |       |       |     6 ||     6
  Eat: Chunk             |     3 |     5 |     4 ||    12
Armor: Scale mail        |    40 |       |       ||    40
       Plate armour      |    17 |    92 |   123 ||   232
Dodge: Dodged            |    30 |    15 |    12 ||    57
Block: Shield            |    61 |    86 |   115 ||   262
       Reflection        |       |       |     4 ||     4
       Rpst.: Long sword |    13 |     7 |     1 ||    21
